 Dungeon Crawl Stone Soup version 0.30-a0-1093-gcfb1e0cf12 (webtiles) character file.

Game seed: 105217716611425171

25449 Ic0nGaming the Carver (level 13, -3/78 HPs)
             Began as a Kobold Gladiator on Apr 17, 2023.
             Was a Priest of Makhleb.
             Slain by a swamp worm (15 damage)
             ... on level 3 of the Lair of Beasts.
             The game lasted 00:34:35 (15115 turns).

Ic0nGaming the Carver (Kobold Gladiator)           Turns: 15115, Time: 00:34:36

Health: -3/78      AC: 16    Str: 13    XL:     13   Next: 50%
Magic:  20/20      EV: 15    Int:  9    God:    Makhleb [***...]
Gold:   1205       SH: 11    Dex: 20    Spells: 12/12 levels left

rFire   + . .      SeeInvis .    C - +4 scimitar (protect)
rCold   . . .      Faith    .    n - +0 kite shield
rNeg    . . .      Spirit   .    p - +1 ring mail {rF+}
rPois   +          Reflect  .    c - +0 helmet
rElec   .          Rampage  .    v - +0 cloak
rCorr   .                        r - +0 pair of gloves
Will    .....                    a - +2 pair of boots
Stlth   ++++                     J - amulet of regeneration
HPRegen 1.13/turn                D - +4 ring of protection
MPRegen 0.17/turn                B - ring of poison resistance

@: slowed, studying Fighting, very slow
A: small, no large weapons, nightstalker 3
a: Renounce Religion, Minor Destruction, Lesser Servant of Makhleb


You were on level 3 of the Lair of Beasts.
You worshipped Makhleb.
Makhleb was most pleased with you.
You visited 2 branches of the dungeon, and saw 14 of its levels.
You also visited: Bailey.

You collected 1205 gold pieces.

Inventory:

Hand Weapons
 b - a +2 rapier of freezing
 h - the +11 hammer of Apiybig {flame, rC+ rN++ Dex-5 Stlth+}
   (You found it on level 2 of the Dungeon)

   Dex:       It affects your dexterity (-5).
   rC:        It protects you from cold.
   rN:        It greatly protects you from negative energy.
   Stlth:     It makes you more stealthy.
 q - a +1 long sword of holy wrath
 C - a +4 scimitar of protection (weapon)
Missiles
 d - 3 throwing nets
 e - a boomerang (quivered)
 E - a curare-tipped dart
Armour
 a - a +2 pair of boots (worn)
 c - a +0 helmet (worn)
 n - a +0 kite shield (worn)
 p - a +1 ring mail of fire resistance (worn)
 r - a +0 pair of gloves (worn)
 v - a +0 cloak (worn)
Jewellery
 g - a ring of resist corrosion
 j - an amulet of the acrobat
 B - a ring of poison resistance (right hand)
 D - a +4 ring of protection (left hand)
 J - an amulet of regeneration (around neck)
Wands
 t - a wand of mindburst (5)
 G - a wand of charming (14)
 M - a wand of flame (19)
Scrolls
 i - 7 scrolls of fog
 w - 8 scrolls of teleportation
 y - a scroll of butterflies
 A - 4 scrolls of enchant weapon
 F - 3 scrolls of poison
 H - 8 scrolls of amnesia
 K - a scroll of silence
 L - 3 scrolls of blinking
 N - 2 scrolls of fear
 P - a scroll of magic mapping
Potions
 f - a potion of ambrosia {unknown}
 k - 3 potions of heal wounds
 l - 3 potions of might
 m - 4 potions of lignification
 o - 4 potions of curing
 s - 2 potions of magic
 u - 2 potions of flight
 x - 3 potions of resistance
 z - a potion of degeneration {unknown}
 I - 4 potions of haste
 O - 2 potions of brilliance
 Q - a potion of cancellation {unknown}
 R - a potion of mutation {unknown}


   Skills:
 - Level 8.0 Fighting
 * Level 12.6 Long Blades
 - Level 2.1 Throwing
 - Level 7.8 Dodging
 - Level 8.1 Stealth
 - Level 7.3 Shields
 + Level 9.8 Invocations


You had 12 spell levels left.
You didn't know any spells.
Your spell library contained the following spells:

 Spells                   Type           Power      Damage    Failure   Level
 Sting                    Tmut/Pois      0%         1d3       98%         1
 Blink                    Tloc           0%         N/A       99%         2
 Poisonous Vapours        Pois/Air       0%         N/A       99%         2
 Gell's Gravitas          Tloc           0%         N/A       100%        3
 Teleport Other           Tloc           0%         N/A       100%        3
 Manifold Assault         Tloc           0%         N/A       100%        4
 Olgreb's Toxic Radiance  Pois           0%         N/A       100%        4
 Summon Ice Beast         Ice/Summ       0%         N/A       100%        4
 Summon Forest            Summ/Tloc      0%         N/A       100%        5
 Summon Mana Viper        Hex/Summ       0%         N/A       100%        5
 Dispersal                Tloc           0%         N/A       100%        6
 Summon Cactus Giant      Summ           0%         N/A       100%        6
 Monstrous Menagerie      Summ           0%         N/A       100%        7
 Storm Form               Tmut/Air       0%         N/A       100%        7


Dungeon Overview and Level Annotations

Branches:
Dungeon (11/15)            Temple (0/1) D:7            Lair (3/5) D:10
  Snake (0/4) Lair:2       Bailey (visited)
  Swamp: Lair:2-3    Shoals: Lair:2-3       Orc: D:9-12

Altars:
Ashenzari
Dithmenos
Elyvilon
Gozag
Hepliaklqana
Kikubaaqudgha
Makhleb
Nemelex Xobeh
Qazlal
Sif Muna
Uskayaw
Vehumet
Wu Jian
Xom
Yredelemnul
Zin

Annotations:
D:2 1 runed translucent door, Crazy Yiuf
D:4 2 transporters, Gynju's ghost, novice HOFi
D:10 3 runed translucent doors


Innate Abilities, Weirdness & Mutations

You are small and have problems with some larger weapons.
You are completely attuned to the shadows.


Message History

Things that are here:
a yak corpse; a yak corpse A bog body comes into view.
The bog body points at you and mumbles some strange words.
You feel yourself slow down.
A swamp worm comes into view.
The bog body points at you and mumbles some strange words.
The bolt of cold hits you!!!
Ouch! That really hurt!
The bolt of cold hits your orange demon!!
Your orange demon closely misses the bog body.
You swap places.
The bog body touches your orange demon!!
Your orange demon dies!
Your orange demon disappears in a puff of smoke!
The swamp worm fires a harpoon shot at you.
The harpoon shot hits you.
You are yanked forward by the harpoon shot.
The bog body misses you. The swamp worm completely misses you.
Unknown command.
A demon appears!
The swamp worm bites you but does no damage.
The bog body closely misses you. The swamp worm bites you!
* * * LOW HITPOINT WARNING * * *
Unknown command.
You feel much better. The bog body misses you.
The swamp worm barely misses you.
Your orange demon misses the swamp worm.
Your orange demon hits the swamp worm.
The bog body touches you! The bog body freezes you!!
The swamp worm attacks as you move away!
The swamp worm completely misses you.
The swamp worm fires a harpoon shot at you.
The harpoon shot hits you!
* * * LOW HITPOINT WARNING * * *
You are yanked forward by the harpoon shot.
Your orange demon stings the swamp worm!
Your orange demon hits the swamp worm but does no damage.
The bog body barely misses you. The swamp worm bites you!
You die...

# ########.#.######
####.#P..#..........
†<.................P
....................
...................P
........#..........#
...................##
........#.......⌠⌠..#
........#......♣@4♣.
...............♣wn♣
........##....♣♣..♣
##.##.+.####..♣~..~♣
##.....## #..♣~..~♣
....#.# #..♣~♣.≈♣
##### # P..♣ P######
##♣♣ ......## ##.♣


You could see a bog body, a swamp worm (ally target) and a friendly orange demon
(summoned).

Vanquished Creatures
  An orc warlord (Bailey)
  Fannar (Lair:3)
  A catoblepas (Lair:3)
  A hydra (D:10)
  A two-headed ogre (D:8)
  A death yak (Lair:2)
  A lindwurm (Lair:3)
  An orc knight (Bailey)
  3 elephants (Lair:2)
  7 cane toads
  Maggie (D:8)
  2 rime drakes
  5 komodo dragons
  A polar bear (Lair:1)
  2 trolls
  2 hornets
  Prince Ribbit (D:7)
  Sigmund (D:2)
  A shadow (D:10)
  A vampire (D:10)
  2 basilisks
  5 wyverns
  A wraith (D:11)
  Eustachio (D:5)
  8 yaks
  Edmund (D:5)
  2 nagas (Lair:2)
  An acid dragon (D:10)
  12 water moccasins
  Duvessa (D:5)
  13 orc warriors
  A sky beast (D:6)
  3 black bears
  An ogre (D:4)
  9 wolves
  4 centaurs
  2 phantoms
  A gnoll sergeant (D:7)
  3 kobold brigands
  7 bullfrogs
  A scorpion (D:6)
  8 wights
  Dowan (D:5)
  12 killer bees
  2 howler monkeys
  An electric eel (Lair:3)
  6 hounds
  A gnoll bouda (D:5)
  A jelly (D:5)
  4 orc priests
  3 sleepcaps
  Terence (D:2)
  2 iguanas
  9 orc wizards
  12 gnolls
  6 adders
  2 ufetubi (D:5)
  A worm (D:3)
  3 dart slugs
  26 orcs
  10 endoplasms
  2 giant cockroaches
  17 hobgoblins
  4 quokkas
  10 ball pythons
  9 bats
  3 frilled lizards
  19 goblins
  15 kobolds
  3 rats
307 creatures vanquished.

Vanquished Creatures (collateral kills)
  A hydra (Lair:2)
  3 death yaks (Lair:2)
  An elephant (Lair:2)
  A komodo dragon (Lair:2)
  4 yaks
  A naga (Lair:2)
  4 wolves
  A bullfrog (Lair:2)
  An orc (D:10)
17 creatures vanquished.

Vanquished Creatures (others)
  17 fungi
  34 plants
51 creatures vanquished.

Grand Total: 375 creatures vanquished

Notes
Turn   | Place    | Note
-------+----------+-------------------------------------------
     0 | D:1      | Ic0nGaming the Kobold Gladiator began the quest for the
                  | Orb.
     0 | D:1      | Reached XP level 1. HP: 12/12 MP: 1/1
   368 | D:1      | Reached XP level 2. HP: 16/17 MP: 2/2
   479 | D:1      | Reached skill level 3 in Long Blades
   756 | D:1      | Found a faded altar of an unknown god.
  1049 | D:2      | Found a runed translucent door.
  1050 | D:2      | Identified the +0 hammer of the Shouting Butterfly {heavy,
                  | rN+ Int+3}
  1054 | D:2      | Identified the +11 hammer of Apiybig {flame, rC+ rN++ Dex-5
                  | Stlth+}
  1063 | D:2      | Noticed Crazy Yiuf
  1069 | D:2      | Identified the +0 hammer of Jiwnec {distort, rPois Str+3
                  | Int-4 SInv}
  1070 | D:2      | Identified the +1 hammer of Uskayaw {freeze, Dex+4}
  1077 | D:2      | Identified the +4 hammer of Ruafrioh {drain, Str+4}
  1278 | D:2      | Noticed Terence
  1281 | D:2      | Killed Terence
  1282 | D:2      | Reached XP level 3. HP: 17/21 MP: 3/3
  1518 | D:2      | Noticed Sigmund
  1527 | D:2      | Killed Sigmund
  1528 | D:2      | Reached skill level 5 in Long Blades
  1528 | D:2      | Reached XP level 4. HP: 15/26 MP: 4/4
  1528 | D:2      | Reached XP level 5. HP: 18/30 MP: 5/5
  1528 | D:2      | Reached XP level 6. HP: 21/35 MP: 6/6
  3258 | D:4      | Found a transporter.
  3260 | D:4      | Noticed Gynju's ghost (novice HOFi)
  3289 | D:4      | Found a transporter.
  3704 | D:4      | Noticed an ogre
  3707 | D:4      | Killed an ogre
  3708 | D:4      | Reached XP level 7. HP: 40/40 MP: 7/7
  3731 | D:4      | Found a hazy altar of Hepliaklqana.
  3856 | D:5      | Entered Level 5 of the Dungeon
  4012 | D:5      | Noticed Edmund
  4031 | D:5      | Killed Edmund
  4138 | D:5      | Noticed Eustachio
  4159 | D:5      | Killed Eustachio
  4160 | D:5      | Reached XP level 8. HP: 22/44 MP: 8/8
  4403 | D:5      | Reached skill level 5 in Shields
  4796 | D:5      | Found a basalt altar of Yredelemnul.
  4811 | D:5      | Found a shimmering altar of Xom.
  5002 | D:5      | Noticed Duvessa
  5002 | D:5      | Noticed Dowan
  5020 | D:5      | Killed Duvessa
  5021 | D:5      | Reached XP level 9. HP: 44/48 MP: 9/9
  5026 | D:5      | Killed Dowan
  5214 | D:6      | Found a broken altar of Ashenzari.
  5311 | D:6      | Found a shadowy altar of Dithmenos.
  5321 | D:6      | Reached skill level 1 in Stealth
  5716 | D:6      | Reached skill level 5 in Dodging
  6379 | D:7      | Reached skill level 5 in Stealth
  6593 | D:7      | Found a shimmering blue altar of Sif Muna.
  6593 | D:7      | Found a burning altar of Makhleb.
  6609 | D:7      | Became a worshipper of Makhleb the Destroyer
  6611 | D:7      | Found an opulent altar of Gozag.
  6612 | D:7      | Found a radiant altar of Vehumet.
  6613 | D:7      | Found a glowing silver altar of Zin.
  6615 | D:7      | Found an ancient bone altar of Kikubaaqudgha.
  6616 | D:7      | Found a stormy altar of Qazlal.
  6617 | D:7      | Found an ornate altar of the Wu Jian Council.
  7020 | D:7      | Found a staircase to the Ecumenical Temple.
  7031 | D:7      | Reached XP level 10. HP: 53/53 MP: 10/10
  7320 | D:7      | Noticed Prince Ribbit
  7347 | D:7      | Killed Prince Ribbit
  7557 | D:8      | Found a white marble altar of Elyvilon.
  7565 | D:8      | Noticed a two-headed ogre
  7632 | D:8      | Noticed Maggie
  7644 | D:8      | Killed Maggie
  7645 | D:8      | Reached skill level 6 in Long Blades
  7686 | D:8      | Noticed a centaur warrior
  7765 | D:8      | Killed a two-headed ogre
  8011 | D:8      | Reached skill level 5 in Fighting
  8323 | D:8      | Noticed a centaur warrior
  8416 | D:8      | Reached skill level 7 in Long Blades
  8529 | D:8      | Found a hide-covered altar of Uskayaw.
  8529 | D:8      | Found a sparkling altar of Nemelex Xobeh.
  9006 | D:9      | Reached * piety under Makhleb
  9025 | D:9      | Noticed a two-headed ogre
  9153 | D:8      | Noticed a green ugly thing
  9468 | D:9      | Reached XP level 11. HP: 62/65 MP: 11/11
  9980 | D:10     | Entered Level 10 of the Dungeon
 10086 | D:9      | Reached skill level 8 in Long Blades
 10184 | D:10     | Noticed a four-headed hydra
 10196 | D:10     | Found a flagged portal.
 10241 | Bailey   | Entered a bailey
 10319 | Bailey   | Reached ** piety under Makhleb
 10349 | Bailey   | Noticed an orc knight
 10421 | Bailey   | Reached skill level 1 in Invocations
 10467 | Bailey   | Killed an orc knight
 10482 | Bailey   | Noticed an orc warlord
 10513 | Bailey   | Acquired a manual of Fighting
 10720 | Bailey   | Killed an orc warlord
 10721 | Bailey   | Reached skill level 9 in Long Blades
 10935 | D:10     | Reached *** piety under Makhleb
 11272 | D:10     | Killed a four-headed hydra
 11273 | D:10     | Reached skill level 5 in Invocations
 11299 | D:10     | Reached XP level 12. HP: 70/73 MP: 15/15
 11353 | D:10     | Found a runed translucent gate.
 11354 | D:10     | Found a runed translucent gate.
 11355 | D:10     | Found a runed translucent gate.
 11410 | D:10     | Found a staircase to the Lair.
 12289 | Lair:1   | Entered Level 1 of the Lair of Beasts
 12545 | Lair:1   | Reached skill level 10 in Long Blades
 13221 | Lair:2   | Noticed a death yak
 13748 | Lair:2   | Reached skill level 11 in Long Blades
 13758 | Lair:2   | Found a staircase to the Snake Pit.
 13868 | Lair:2   | Noticed a death yak
 13883 | Lair:2   | Noticed a death yak
 13897 | Lair:2   | Noticed a death yak
 13920 | Lair:2   | Killed a death yak
 13952 | Lair:2   | Killed a death yak
 13956 | Lair:2   | Killed a death yak
 13960 | Lair:2   | Killed a death yak
 13961 | Lair:2   | Reached XP level 13. HP: 48/78 MP: 19/19
 14115 | Lair:2   | You fall into a shaft and drop 1 floor!
 14115 | Lair:3   | Noticed Fannar
 14133 | Lair:3   | Killed Fannar
 14291 | Lair:2   | Noticed an eight-headed hydra
 14307 | Lair:2   | Killed an eight-headed hydra
 14308 | Lair:2   | Reached skill level 12 in Long Blades
 14900 | Lair:3   | Noticed a catoblepas
 14915 | Lair:3   | Killed a catoblepas
 15115 | Lair:3   | Slain by a swamp worm

Illustrated notes

Levels and vault maps discovered:
D:1:      saegor_arrival_simple_b, layout_loops_cross,
          ebering_ecumenical_altar_rust
D:2:      layout_basic, minmay_randomly_rotated_circles, uniq_terence,
          uniq_crazy_yiuf_cottage, uniq_sigmund
D:3:      layout_loops_cross, minmay_pentomino_pile
D:4:      layout_basic, mainiacjoe_overflow_24_doors,
          gammafunk_ghost_stat_death, nrook_mini_backslash
D:5:      black_bear_nest_1, layout_loops_cross, mainiacjoe_overflow_alcove_2,
          nicolae_overflow_hidden_temple, uniq_edmund, uniq_duvessa,
          uniq_eustachio
D:6:      layout_loops_ring, mainiacjoe_overflow_alcove_1,
          mainiacjoe_overflow_cross_hatched
D:7:      layout_loops_ring, minitemple, minmay_temple_entry_stoned_glass,
          kennysheep_big_empty_room, nicolae_sextant, hangedman_glass_garden,
          minmay_joined_circles, uniq_prince_ribbit1
D:8:      layout_basic, elyvilon_altar_3, nicolae_overflow_two_pavilions,
          minivault_12, uniq_maggie
D:9:      layout_loops_ring
D:10:     layout_cave_pools, minmay_lair_entry_grove, gammafunk_ghost_icy,
          enter_bailey_6, grunt_ministairs_15, eino_tiny_chamber
D:11:     layout_rooms
Lair:1:   layout_big_grid
Lair:2:   layout_regular_city, minmay_snake_entry_guardpost_small
Lair:3:   layout_roguey, nicolae_swamp_entry_splash_gauntlet,
          serial_bayou_shore_a, grunt_megastairs_2, uniq_fannar

Skill      XL: |  1  2  3  4  5  6  7  8  9 10 11 12 13 |
---------------+----------------------------------------+-----
Long Blades    | 3 5 7 9 11 12 | 12.6
Shields        | 2 4 6 7 |  7.3
Dodging        | 7 |  7.8
Stealth        | 7 8 |  8.1
Fighting       | 6 8 |  8.0
Invocations    | 5 8 9 |  9.8
Throwing       | |  2.1

Action                     |  1- 3 |  4- 6 |  7- 9 | 10-12 | 13-15 || total
---------------------------+-------+-------+-------+-------+-------++-------
  Melee: Long sword        |    43 |       |       |       |       ||    43
         Punch             |     1 |       |       |       |       ||     1
         Mace              |     9 |    81 |   180 |   141 |     2 ||   413
         Scimitar          |       |       |       |   489 |    95 ||   584
  Throw: Boomerang         |       |       |     4 |     8 |       ||    12
         Dart              |       |       |       |     6 |       ||     6
 Invoke: Minor Destruction |       |       |       |     2 |       ||     2
         Lesser Servant of |       |       |       |     9 |     4 ||    13
  Evoke: Wand              |       |       |       |     1 |     2 ||     3
    Use: Scroll            |     5 |     6 |     4 |     9 |     1 ||    25
         Potion            |       |       |     1 |     4 |     4 ||     9
   Stab: Sleeping          |     9 |    22 |     8 |    26 |     6 ||    71
         Distracted        |       |       |       |    10 |     5 ||    15
 Armour: Leather armour    |    13 |    10 |     3 |       |       ||    26
         Ring mail         |       |       |   102 |   230 |    51 ||   383
  Dodge: Dodged            |    30 |    41 |   116 |   455 |    56 ||   698
  Block: Kite shield       |       |     5 |   117 |   440 |    62 ||   624

Table legend: (Time is in decaauts)
 A = Elapsed time spent in this place.
 B = Non-inter-level travel time spent in this place.
 C = Inter-level travel time spent in this place.
 D = Time resting spent in this place.
 E = Time spent auto-exploring this place.
 F = Levels seen in this place.
 G = Mean time per level.
                   A        B        C        D        E       F      G
               +--------+--------+--------+--------+--------+-----+--------+
         Total |  15458 |  14980 |    478 |   2659 |   8916 |  15 | 1030.5 |
       Dungeon |  12011 |  11627 |    384 |   2226 |   7219 |  11 | 1091.9 |
          Lair |   2859 |   2765 |     94 |    397 |   1574 |   3 |  953.0 |
        Bailey |    587 |    587 |      0 |     36 |    123 |   1 |  587.0 |
               +--------+--------+--------+--------+--------+-----+--------+

Top non-repeatable levels by time:
     D:8: 1483 daAuts
     D:2: 1392 daAuts
     D:5: 1361 daAuts
     D:7: 1297 daAuts
  Lair:2: 1290 daAuts
    D:10: 1185 daAuts
     D:9: 1175 daAuts
     D:6: 1143 daAuts
     D:3: 946 daAuts
  Lair:1: 899 daAuts
     D:1: 822 daAuts
     D:4: 748 daAuts
  Lair:3: 669 daAuts
  Bailey: 587 daAuts
    D:11: 456 daAuts
